Map: Cañón atribulado

Players

Filoz

  • Race: Protoss Protoss
  • Spawn Location: 3:00

Pubicprobe

  • Race: Zerg Zerg
  • Spawn Location: 12:00

Jsmooooveee

  • Race: Protoss Protoss
  • Spawn Location: 12:00

TATORREA

  • Race: Protoss Protoss
  • League: Silver
  • Spawn Location: 6:00

MrFercho

  • Race: Zerg Zerg
  • League: Silver
  • Spawn Location: 7:00

tigro

  • Race: Terran Terran
  • League: Bronze
  • Spawn Location: 6:00

VOD

Have the link to the VOD?

Description

Time

  • Played on: May 25, 2020, 9:12 p.m.
  • Length: 7:55
Show
View Real Time Build Order
Export as new Build Order

Filoz Protoss 

Build Orders: Double Forge 

Get SALT Encoding   

  12  0:01  Probe  
  13  0:13  Probe  
  14  0:21  Pylon  
  14  0:26  Probe  
  15  0:39  Probe  
  16  0:43  Gateway  
  16  0:47  Assimilator  
  16  0:51  Probe (Chrono Boost)  
  17  1:03  Probe (Chrono Boost)  
  18  1:08  Probe (Chrono Boost)  
  19  1:11  Forge  
  19  1:17  Probe  
  20  1:20  Pylon  
  20  1:41  Cybernetics Core  
  20  1:47  Photon Cannon  
  20  1:51  Assimilator  
  20  2:12  Nexus  
  20  2:15  Probe (Chrono Boost)  
  21  2:18  Warp Gate  
  21  2:27  Probe (Chrono Boost)  
  22  2:30  Stalker  
  24  2:41  Photon Cannon  
  24  2:46  Probe  
  25  2:58  Probe  
  25  3:02  Gateway  
  26  3:08  Stalker  
  28  3:13  Probe  
  29  3:21  Pylon  
  29  3:25  Probe  
  30  3:32  Probe  
  31  3:38  Stalker  
  33  3:43  Gateway  
  34  3:49  Probe (Chrono Boost)  
  34  3:53  Probe (Chrono Boost)  
  35  4:00  Pylon  
  36  4:02  Probe (Chrono Boost)  
  36  4:05  Probe (Chrono Boost)  
  36  4:06  Protoss Ground Weapons Level 1 (Chrono Boost)  
  37  4:21  Twilight Council  
  37  4:30  Forge  
  37  4:34  Pylon  
  37  4:39  Shield Battery  
  37  4:40  Photon Cannon  
  37  4:42  Stalker  
  40  4:45  Probe  
  40  4:46  Probe  
  41  4:58  Protoss Ground Armor Level 1 (Chrono Boost)  
  41  5:01  Probe x2  
  43  5:07  Blink  
  43  5:11  Assimilator  
  43  5:13  Stalker  
  45  5:18  Stalker  
  47  5:39  Stalker x2  
  51  5:45  Probe x2  
  51  5:49  Assimilator  
  53  5:54  Photon Cannon  
  53  5:56  Stalker  
  55  6:03  Gateway  
  55  6:16  Stalker x2  
  57  6:20  Probe  
  57  6:21  Probe  
  59  6:32  Probe  
  59  6:33  Probe  
  59  6:35  Stalker  
  63  6:45  Probe x2  
  65  6:49  Stalker x2  
  69  6:57  Probe  
  70  7:18  Pylon, Probe x2  
  70  7:20  Pylon  
  70  7:22  Pylon  
  68  7:28  Stalker  
  68  7:29  Stalker x3  
  70  7:35  Pylon  
  70  7:36  Probe x2  
  72  7:52  Nexus  
Show
View Real Time Build Order
Export as new Build Order

Pubicprobe Zerg 

Build Orders: Pool First 

Get SALT Encoding   

  12  0:21  Spawning Pool  
  11  0:28  Drone x2  
  13  0:35  Drone  
  14  1:04  Overlord x3  
  14  1:11  Extractor  
  14  1:16  Extractor, Queen  
  14  1:23  Drone  
  15  1:39  Drone  
  17  1:40  Drone  
  17  1:49  Drone  
  18  2:06  Hatchery  
  17  2:17  Spine Crawler  
  16  2:23  Spine Crawler  
  15  2:33  Drone x2  
  17  2:38  Drone  
  18  2:50  Drone  
  19  2:55  Metabolic Boost  
  19  3:15  Drone x3  
  22  3:33  Evolution Chamber  
  21  3:51  Hatchery  
  21  3:52  Drone x2  
  21  3:53  Drone  
  23  4:02  Drone x3  
  26  4:27  Spore Crawler  
  26  4:28  Spore Crawler  
  26  4:29  Zergling x4  
  26  4:32  Spore Crawler  
  25  4:40  Baneling Nest  
  24  4:48  Drone x2  
  24  4:49  Drone x2  
  28  4:53  Drone  
  28  4:58  Drone  
  30  5:01  Drone  
  30  5:05  Drone  
  32  5:10  Drone  
  33  5:24  Zergling x8  
  33  5:25  Zergling x2  
  33  5:28  Zergling x2  
  40  5:35  Zergling x2  
  40  5:44  Baneling x4  
  40  5:45  Baneling x5  
  40  5:47  Baneling  
  40  5:48  Baneling x2  
  40  5:56  Drone x2  
  42  6:00  Overlord  
  42  6:01  Overlord  
  42  6:13  Baneling x5  
  42  6:14  Baneling  
  42  6:35  Zergling x10  
  42  6:36  Zergling x2  
  48  6:50  Hatchery  
  47  6:59  Hatchery  
  37  7:31  Drone  
  37  7:32  Drone x5  
  43  7:47  Extractor  
  42  7:51  Extractor  
Show
View Real Time Build Order
Export as new Build Order

Jsmooooveee Protoss 

Build Orders: Mass Phoenix 

Get SALT Encoding   

  12  0:08  Probe  
  12  0:14  Pylon  
  13  0:20  Probe (Chrono Boost)  
  14  0:33  Probe (Chrono Boost)  
  15  0:37  Gateway  
  15  1:01  Gateway  
  15  1:05  Assimilator  
  15  1:06  Probe (Chrono Boost)  
  15  1:10  Assimilator  
  16  1:13  Gateway  
  16  1:15  Probe (Chrono Boost)  
  17  1:20  Probe (Chrono Boost)  
  19  1:32  Probe  
  19  1:43  Pylon  
  19  1:53  Nexus  
  19  2:01  Assimilator  
  19  2:05  Assimilator  
  19  2:12  Pylon  
  20  2:15  Probe (Chrono Boost)  
  20  2:31  Probe, Cybernetics Core  
  21  2:45  Pylon  
  21  2:49  Probe  
  22  3:04  Probe (Chrono Boost)  
  24  3:05  Probe (Chrono Boost)  
  24  3:16  Probe (Chrono Boost)  
  25  3:22  Stargate  
  25  3:23  Stargate  
  25  3:34  Probe  
  26  3:38  Protoss Air Weapons Level 1 (Chrono Boost)  
  26  3:46  Probe  
  27  3:56  Probe  
  27  3:58  Probe  
  29  4:08  Phoenix  
  29  4:09  Probe, Phoenix  
  34  4:17  Probe  
  35  4:25  Probe  
  36  4:33  Phoenix  
  36  4:34  Phoenix  
  36  4:36  Probe  
  41  4:40  Stargate  
  41  4:43  Pylon  
  41  4:48  Probe  
  42  4:58  Phoenix  
  44  5:01  Probe  
  44  5:02  Phoenix  
  47  5:13  Probe  
  48  5:25  Probe  
  48  5:27  Phoenix x2  
  48  5:28  Phoenix  
  55  5:37  Probe  
  56  5:49  Probe (Chrono Boost)  
  57  5:52  Phoenix x2  
  61  5:59  Probe (Chrono Boost)  
  62  6:04  Probe (Chrono Boost)  
  63  6:15  Probe  
  64  6:26  Phoenix x2  
  64  6:27  Phoenix  
  70  6:34  Pylon x2  
  70  6:37  Stargate  
  70  6:52  Probe  
Show
View Real Time Build Order
Export as new Build Order

TATORREA Protoss 

Build Orders: Nexus First 

Get SALT Encoding   

  12  0:01  Probe  
  13  0:25  Probe  
  14  0:46  Probe  
  15  0:51  Pylon  
  15  1:05  Nexus  
  15  1:09  Probe  
  16  1:21  Probe  
  16  1:23  Gateway  
  17  1:26  Assimilator  
  17  1:33  Probe  
  18  1:50  Probe  
  18  1:52  Pylon  
  19  2:02  Probe  
  19  2:06  Assimilator  
  20  2:21  Gateway  
  20  2:24  Cybernetics Core  
  20  2:26  Probe  
  20  2:28  Forge  
  21  2:39  Probe  
  22  2:47  Probe  
  23  2:55  Probe  
  24  2:59  Probe, Protoss Ground Weapons Level 1  
  24  3:03  Stalker  
  27  3:06  Warp Gate  
  27  3:07  Probe  
  27  3:11  Probe  
  27  3:12  Zealot  
  32  3:20  Probe  
  32  3:23  Probe  
  33  3:32  Probe  
  33  3:33  Stalker  
  36  3:35  Probe  
  36  3:39  Zealot  
  39  3:44  Probe  
  39  3:47  Probe  
  41  3:55  Pylon  
  41  3:56  Probe  
  41  3:58  Pylon  
  41  3:59  Probe  
  43  4:03  Stalker  
  45  4:12  Probe  
  45  4:13  Probe, Zealot  
  49  4:26  Pylon  
  49  4:27  Probe x2  
  49  4:30  Pylon  
  51  4:34  Pylon  
  51  4:36  Assimilator  
  51  4:39  Probe  
  51  4:40  Probe  
  53  4:53  Probe, Stargate  
  53  4:54  Probe  
  53  4:56  Stargate  
  53  4:58  Stargate  
  55  5:02  Assimilator  
  55  5:05  Probe  
  55  5:06  Probe  
  57  5:18  Nexus  
  57  5:28  Probe  
  57  5:29  Probe  
  59  5:36  Stalker  
  59  5:40  Probe  
  59  5:41  Probe  
  63  5:53  Stalker, Probe x2  
  67  5:59  Void Ray  
  67  6:00  Void Ray  
  67  6:03  Void Ray  
  79  6:05  Probe x2  
  81  6:15  Twilight Council  
  81  6:17  Probe x2  
  83  6:29  Probe x2  
  83  6:31  Stalker x2  
  89  6:42  Void Ray  
  89  6:45  Probe x2  
  95  6:47  Probe  
  64  7:44  Stalker x2  
Show
View Real Time Build Order
Export as new Build Order

MrFercho Zerg 

Build Orders: 1 Base Baneling Bust, Pool First 

Get SALT Encoding   

  12  0:02  Drone  
  13  0:19  Overlord  
  13  0:23  Drone  
  14  0:29  Extractor, Drone  
  14  0:40  Drone  
  15  0:45  Overlord  
  15  0:54  Drone  
  16  1:03  Drone  
  17  1:14  Spawning Pool, Drone  
  17  1:22  Evolution Chamber  
  17  1:24  Drone  
  17  1:40  Drone  
  18  1:50  Drone  
  19  1:55  Extractor  
  19  1:56  Drone  
  19  2:02  Zerg Melee Weapons Level 1  
  19  2:07  Drone  
  20  2:10  Metabolic Boost  
  20  2:20  Drone  
  21  2:28  Queen  
  23  2:34  Zergling x2  
  24  2:44  Baneling Nest  
  24  2:46  Overlord  
  23  2:59  Drone  
  24  3:13  Zergling x2  
  24  3:14  Zergling x2, Hatchery  
  25  3:22  Lair  
  25  3:46  Zergling x10  
  30  3:56  Zerg Ground Armor Level 1  
  30  4:12  Zergling x2  
  30  4:13  Zergling x2  
  32  4:24  Centrifical Hooks  
  32  4:32  Hydralisk Den  
  32  4:33  Zergling x2  
  32  4:34  Zergling x6  
  35  4:41  Queen  
  35  4:44  Drone x2  
  39  4:50  Drone x2  
  27  6:13  Grooved Spines  
  27  6:29  Hatchery  
  26  6:39  Drone x8  
  34  6:47  Extractor  
  34  6:49  Extractor  
  32  7:00  Spore Crawler x2  
  30  7:01  Spore Crawler  
  24  7:23  Hydralisk  
  24  7:24  Hydralisk x2  
Show
View Real Time Build Order
Export as new Build Order

tigro Terran 

Build Orders:  

Get SALT Encoding   

  12  0:03  SCV  
  13  0:15  SCV  
  14  0:22  Supply Depot  
  14  0:27  SCV  
  15  0:35  Refinery  
  15  0:44  SCV  
  16  0:56  Barracks  
  16  0:59  SCV  
  17  1:11  SCV  
  17  1:13  Supply Depot  
  18  1:20  Refinery  
  18  1:23  SCV  
  19  1:35  SCV  
  20  1:45  Marine  
  21  1:59  Barracks  
  21  2:03  Marine  
  21  2:05  SCV  
  23  2:17  SCV  
  23  2:21  Marine  
  25  2:23  Engineering Bay  
  25  2:29  SCV  
  26  2:39  Marine  
  27  2:47  Barracks Tech Lab  
  27  2:57  Marine  
  28  3:03  Factory  
  28  3:07  SCV  
  29  3:23  Barracks Tech Lab  
  29  3:24  Combat Shield  
  29  3:27  Command Center  
  29  3:28  Marine  
  30  3:47  Stimpack  
  30  3:51  Factory Tech Lab  
  30  3:52  Orbital Command  
  30  4:15  Armory  
  30  4:22  Terran Infantry Weapons Level 1  
  30  4:23  Marauder  
  32  4:26  Siege Tank  
  35  4:43  Concussive Shells  
  35  5:06  Marine  
  36  5:11  Marine, Missile Turret  
  37  5:19  Refinery  
  37  5:23  Marine  
  38  5:29  Marine  
  38  5:34  Missile Turret  
  39  5:41  Marine  
  40  5:47  Marine  
  41  5:57  Missile Turret  
  41  5:59  Marine  
  39  6:17  Marine  
  29  6:37  SCV  
  30  6:40  Starport  
  30  6:42  Marauder  
  30  6:44  Marine  
  31  6:47  Siege Tank  
  31  6:49  SCV  
  33  7:01  SCV  
  33  7:02  Marine  
  33  7:03  Marauder  
  36  7:13  SCV  
  37  7:20  Marine  
  38  7:25  Marauder, SCV  
Tags
 
Add a new tag
Caveats
  • Supply blocks, unpowered buildings, or Contaminate may cause inaccurate times.
  • Supply counts are checked every 10 seconds.